AoeStats
← Flight of the Shoes

Fortress

509512890Analyzed
3v3 RM · 4d ago on Sep 27, 2026· 49m 16s· 6 players
Game mode
Random Map
Map size
Large (8 player)
Population
200
Speed
Normal
Resources
Standard
Victory
Conquest
Starting age
Dark Age
Ending age
Imperial Age
RankedLock teamsTeams togetherTeam positionsShared explorationLock speedFull tech treeHidden civsTurbo modeCheats
Victory
Defeat
🇲🇽 Mongols · Mexico
971
+14
🇲🇽 Saxons · Mexico
959
+15
🇲🇽 Muisca · Mexico
937
+16
🇺🇸 Ethiopians · United States
959
-16
🇺🇸 Hindustanis · United States
923
-15
🇺🇸 Bohemians · United States
919
-14
Flight of the Shoes
0:31 Loom
7:49 Feudal Age
8:37 Double-Bit Axe
8:39 Horse Collar
8:57 Gold Mining
15:14 Castle Age
14:05 Scale Mail Armor
14:16 Forging
15:19 Wheelbarrow
18:56 Bow Saw
18:57 Husbandry
19:38 Grand Trunk Road
21:25 Hand Cart
22:11 Bloodlines
22:19 Heavy Plow
22:52 Light Cavalry
24:37 Scale Barding Armor
28:48 Imperial Age
28:20 Chain Barding Armor
28:36 Iron Casting
27:52 Fletching
28:20 Chain Mail Armor
30:15 Town Watch
30:04 Heavy Camel Rider
31:12 Conscription
33:00 Plate Barding Armor
33:12 Imperial Camel Rider
34:34 Elite Ghulam
36:10 Gold Shaft Mining
37:31 Blast Furnace
40:12 Elite Skirmisher
40:46 Fletching
40:56 Padded Archer Armor
41:06 Thumb Ring
Angry Bull Saloon
1:16 Loom
7:53 Feudal Age
8:15 Horse Collar
8:22 Double-Bit Axe
10:30 Gold Mining
17:17 Castle Age
16:01 Fletching
16:12 Padded Archer Armor
17:19 Crossbowman
21:21 Wheelbarrow
21:08 Stone Mining
21:54 Leather Archer Armor
22:37 Bodkin Arrow
24:44 Bow Saw
31:03 Imperial Age
33:32 Bracer
33:43 Forging
34:04 Ring Archer Armor
33:39 Scale Barding Armor
34:44 Hand Cart
38:17 Two-Man Saw
37:09 Halberdier
37:17 Arbalester
42:46 Thumb Ring
47:36 Iron Casting
47:02 Scale Mail Armor
47:13 Heavy Plow
Dislocated Shoulder
8:18 Feudal Age
9:11 Double-Bit Axe
12:25 Double-Bit Axe
14:39 Wheelbarrow
17:48 Castle Age
21:33 Imperial Age
22:23 Chemistry
22:52 Conscription
23:09 Bow Saw
30:11 Hand Cart
35:43 Two-Man Saw
eagv96
8:21 Feudal Age
9:12 Double-Bit Axe
9:13 Horse Collar
12:15 Castle Age
12:17 Wheelbarrow
13:42 Bow Saw
17:32 Hand Cart
19:56 Scale Mail Armor
19:51 Gold Mining
20:17 Loom
20:18 Town Watch
21:46 Forging
23:07 Gold Shaft Mining
22:22 Stone Mining
23:23 Chain Mail Armor
23:43 Squires
23:29 Arson
24:50 Fletching
25:36 Iron Casting
24:55 Fletching
28:11 Imperial Age
26:28 Town Patrol
27:45 Bodkin Arrow
28:30 Elite Hearth Troop
28:32 Shield Wall
29:44 Plate Mail Armor
29:17 Bracer
30:20 Conscription
30:48 Man-at-Arms
30:52 Elite Varangian Guard
35:46 Chemistry
34:52 Siege Engineers
34:31 Onager
38:00 Man-at-Arms
38:31 Gambesons
39:58 Caravan
46:25 Ballistics
Mr.Mictlan.
0:29 Loom
7:42 Feudal Age
8:13 Horse Collar
8:18 Double-Bit Axe
8:24 Gold Mining
9:12 Wheelbarrow
10:30 Stone Mining
11:06 Champi Runner
19:31 Castle Age
17:54 Forging
18:03 Fletching
18:14 Padded Archer Armor
19:22 Scale Mail Armor
20:46 Hand Cart
22:38 Iron Casting
22:33 Bodkin Arrow
24:39 Heavy Plow
24:49 Bow Saw
24:34 Elite Skirmisher
26:57 Chain Mail Armor
28:16 Leather Archer Armor
28:31 Ballistics
28:45 Herbalism
30:43 Masonry
30:15 Champi Warrior
30:55 Squires
31:51 Squires
31:11 Pikeman
33:27 Pikeman
38:11 Imperial Age
35:29 Town Watch
36:44 Gold Shaft Mining
36:45 Stone Shaft Mining
38:57 Huaracas
39:20 Conscription
38:22 Elite Champi Warrior
38:23 Elite Temple Guard
39:37 Plate Mail Armor
39:08 Bracer
40:08 Crop Rotation
40:49 Two-Man Saw
42:12 Elite Guecha Warrior
43:53 Town Patrol
45:14 Chemistry
44:06 Treadmill Crane
44:31 Siege Engineers
Bolis03
1:44 Loom
8:06 Feudal Age
9:25 Double-Bit Axe
9:42 Gold Mining
10:36 Horse Collar
14:10 Castle Age
13:26 Scale Barding Armor
14:12 Wheelbarrow
14:02 Stone Mining
15:14 Fletching
16:34 Bow Saw
20:11 Padded Archer Armor
24:05 Ballistics
23:43 Bodkin Arrow
24:38 Forging
29:37 Imperial Age
28:21 Gold Shaft Mining
28:56 Hand Cart
29:23 Leather Archer Armor
29:02 Town Watch
30:21 Bloodlines
30:56 Bracer
31:35 Stone Shaft Mining
31:53 Conscription
32:44 Iron Casting
33:44 Chemistry
33:34 Husbandry
32:56 Light Cavalry
34:20 Parthian Tactics
34:21 Masonry
34:55 Hussar
36:22 Thumb Ring
36:45 Chain Barding Armor
38:07 Blast Furnace
36:44 Elite Mangudai
38:02 Hoardings
37:32 Nomads
38:22 Elite Skirmisher
39:06 Murder Holes
39:53 Town Patrol
Connection lost

Rejoining the realm…

Still unreachable

The connection could not be restored.

Session expired

The server has moved on; the page needs a fresh start.